AoeStats
← [Massa] Edo

Arena

508561538Analyzed
2v2 RM · 8d ago on Sep 23, 2026· 38m 21s· 4 players
Game mode
Random Map
Map size
Medium (4 player)
Population
200
Speed
Normal
Resources
Standard
Victory
Conquest
Starting age
Dark Age
Ending age
Imperial Age
RankedLock teamsTeams togetherTeam positionsShared explorationLock speedFull tech treeHidden civsTurbo modeCheats
Victory
Defeat
🇧🇷 Britons · Brazil
1431
+17
🇧🇷 Armenians · Brazil
1427
+17
🇦🇷 Spanish · Argentina
1497
-18
🇦🇷 Tupi · Argentina
1422
-16
[Massa] Edo
10:45 Feudal Age
12:54 Double-Bit Axe
15:38 Castle Age
14:26 Gold Mining
17:31 Bow Saw
17:19 Fletching
17:21 Loom
20:02 Ballistics
20:20 Bodkin Arrow
21:12 Padded Archer Armor
22:49 Leather Archer Armor
25:51 Horse Collar
27:04 Heavy Plow
30:39 Wheelbarrow
34:23 Imperial Age
32:39 Gold Shaft Mining
32:54 Stone Mining
33:55 Yeomen
35:09 Bracer
36:10 Chemistry
35:59 Conscription
36:58 Ring Archer Armor
tg
11:00 Feudal Age
14:50 Castle Age
12:53 Double-Bit Axe
13:24 Horse Collar
14:32 Gold Mining
16:08 Bow Saw
15:59 Heavy Plow
20:40 Loom
23:25 Wheelbarrow
24:38 Fletching
25:30 Bodkin Arrow
25:35 Padded Archer Armor
27:49 Hand Cart
28:21 Town Watch
31:31 Imperial Age
31:00 Leather Archer Armor
30:07 Elite Skirmisher
30:34 Treadmill Crane
31:15 Ballistics
31:41 Gold Shaft Mining
30:56 Stone Mining
32:09 Masonry
32:18 Bracer
32:49 Ring Archer Armor
32:09 Capped Ram
33:16 Scale Mail Armor
34:14 Chain Mail Armor
34:17 Man-at-Arms
34:42 Gambesons
34:57 Squires
35:18 Fereters
37:13 Chemistry
36:22 Long Swordsman
37:33 Plate Mail Armor
38:07 Forging
38:30 Conscription
38:53 Ring Archer Armor
37:45 Two-Handed Swordsman
ds_manu2
11:02 Feudal Age
14:58 Castle Age
13:23 Double-Bit Axe
16:18 Bow Saw
16:31 Loom
18:50 Fletching
19:42 Bodkin Arrow
27:20 Padded Archer Armor
28:21 Leather Archer Armor
32:30 Imperial Age
31:12 Stone Mining
32:33 Ballistics
32:24 Horse Collar
33:13 Bracer
33:43 Ring Archer Armor
34:24 Chemistry
34:52 Wheelbarrow
Manco de élite
11:08 Feudal Age
14:38 Castle Age
12:31 Horse Collar
13:55 Double-Bit Axe
18:25 Loom
20:47 Padded Archer Armor
23:38 Leather Archer Armor
26:55 Heavy Plow
27:32 Bloodlines
27:36 Fletching
37:15 Imperial Age
35:21 Wheelbarrow
36:08 Scale Barding Armor
37:21 Husbandry
37:21 Cavalier
38:22 Chain Barding Armor
38:24 Conscription
38:33 Supremacy
38:05 Elite Skirmisher
Connection lost

Rejoining the realm…

Still unreachable

The connection could not be restored.

Session expired

The server has moved on; the page needs a fresh start.